 Dungeon Crawl Stone Soup version 0.30-a0-358-g0d69a1922f (webtiles) character file.

Game seed: 14982962811893855987

4 MT2THE2ONE the Chiller (level 1, 0/14 HPs)
             Began as a Ghoul Ice Elementalist on Nov 9, 2022.
             Slain by a goblin
             ... wielding a +0 dagger
              (3 damage)
             ... on level 1 of the Dungeon.
             The game lasted 00:06:20 (360 turns).

MT2THE2ONE the Chiller (Ghoul Ice Elementalist)      Turns: 360, Time: 00:06:21

Health: 0/14       AC:  2    Str: 11    XL:     1   Next: 70%
Magic:  1/2        EV: 12    Int: 10    God:
Gold:   9          SH:  0    Dex:  9    Spells: 2/3 levels left

rFire   . . .      SeeInvis .    f - +0 short sword (venom)
rCold   + . .      Faith    .    (no shield)
rNeg    + + +      Spirit   .    a - +0 robe
rPois   ∞          Reflect  .    (no helmet)
rElec   .          Harm     .    (no cloak)
rCorr   .          Rampage  .    (no gloves)
Will    .....                    (no boots)
Stlth   ++........               (no amulet)
HPRegen 0.00/turn                (no ring)
MPRegen 0.08/turn                (no ring)

@: inhibited regen
A: claws 1, cold resistance 1, negative energy resistance 3, inhibited
regeneration, torment resistance 2, devour on kill
a: no special abilities


You were on level 1 of the Dungeon.
You visited 1 branch of the dungeon, and saw 1 of its levels.

You collected 9 gold pieces.

Inventory:

Hand Weapons
 c - a +0 long sword
 f - a +0 short sword of venom (weapon)
Armour
 a - a +0 robe (worn)
Scrolls
 g - a scroll of teleportation {unknown}
 h - a scroll of identify {unknown}
Potions
 b - a potion of magic
 d - a potion of degeneration {unknown}
 e - a potion of curing {unknown}


   Skills:
 + Level 1.7 Dodging
 + Level 2.3 Stealth
 + Level 1.9 Spellcasting
 + Level 4.5 Ice Magic


You had 2 spell levels left.
You knew the following spells:

 Your Spells              Type           Power      Damage    Failure   Level
a - Freeze                Ice            36%        1d5       4%          1

Your spell library contained the following spells:

 Spells                   Type           Power      Damage    Failure   Level
 Frozen Ramparts          Ice            18%        1d3       16%         3
 Ozocubu's Armour         Ice            9%         N/A       16%         3
 Summon Ice Beast         Ice/Summ       5%         N/A       77%         4


Dungeon Overview and Level Annotations

Branches:
Dungeon (1/15)

Altars:


Innate Abilities, Weirdness & Mutations

You are immune to poison.
You have sharp fingernails.
Your flesh is cold resistant. (rC+)
You are immune to negative energy. (rN+++)
You do not regenerate when monsters are visible.
You are immune to unholy pain and torment.
You thrive by killing the living.


Message History

A rat comes into view.
An endoplasm and a goblin come into view.
The goblin shouts!
The endoplasm quivers.
The rat bites you. The rat barely misses you.
The goblin hits you with a +0 dagger. The endoplasm attacks as you move away!
The endoplasm hits you. The rat bites you. The goblin closely misses you.
You miss the goblin. The endoplasm misses you.
The goblin hits you but does no damage. The rat barely misses you.
You closely miss the rat. The endoplasm freezes you.
You are frozen.
You resist. The rat bites you.
* * * LOW HITPOINT WARNING * * *
The goblin hits you but does no damage.
You hit the goblin.
The goblin is poisoned.
The goblin is heavily wounded.
The endoplasm barely misses you. The rat misses you.
The goblin hits you with a +0 dagger.
* * * LOW HITPOINT WARNING * * *
Casting: Freeze (safe; 4% risk of failure)
Confirm with . or Enter, or press ? or * to list all spells.
You don't know that spell.
Casting: Freeze (safe; 4% risk of failure)
Confirm with . or Enter, or press ? or * to list all spells.
You don't know that spell.
Casting: Freeze (safe; 4% risk of failure)
Confirm with . or Enter, or press ? or * to list all spells.
You don't know that spell.
Casting: Freeze (safe; 4% risk of failure)
Confirm with . or Enter, or press ? or * to list all spells.
You don't know that spell.
Unknown command.
Casting: Freeze (safe; 4% risk of failure)
Confirm with . or Enter, or press ? or * to list all spells.
Aiming: Freeze (safe; 4% risk of failure)
Press: ? - help, Shift-Dir - straight line There's nothing close enough!
The endoplasm barely misses you. The rat barely misses you.
The goblin hits you with a +0 dagger.
You die...

.#..........
#######.#.#########
#.......#.# #
+.......#.# ### #
#.......#.#######..
#.##.......#..........
#..........######..###
#....gJ...............
#....@r.....##.#######
#.##........#.........
#.........#..#####.#
#.#####.#...###### ...
#.#.......... ##.#
#.#..#######. #.
..#... ## ###.### ..#


You could see an endoplasm, a goblin (very poisoned) and a rat.

Vanquished Creatures
  A giant cockroach (D:1)
  2 hobgoblins (D:1)
  A kobold (D:1)
4 creatures vanquished.

Notes
Turn   | Place    | Note
-------+----------+-------------------------------------------
     0 | D:1      | MT2THE2ONE the Ghoul Ice Elementalist began the quest for
                  | the Orb.
     0 | D:1      | Reached XP level 1. HP: 14/14 MP: 2/2
   360 | D:1      | Slain by a goblin

Illustrated notes

Levels and vault maps discovered:
D:1:      dpeg_arrival_three_bigger_balls, layout_basic

Action                   || total
-------------------------++-------
Melee: Unarmed           ||    16
       Long sword        ||     7
       Short sword       ||     3
 Cast: Freeze            ||     1
Armor: Robe              ||     9
Dodge: Dodged            ||    19

Table legend: (Time is in decaauts)
 A = Elapsed time spent in this place.
 B = Non-inter-level travel time spent in this place.
 C = Inter-level travel time spent in this place.
 D = Time resting spent in this place.
 E = Time spent auto-exploring this place.
 F = Levels seen in this place.
 G = Mean time per level.
                   A        B        C        D        E       F      G
               +--------+--------+--------+--------+--------+-----+--------+
         Total |    360 |    128 |    232 |      0 |      0 |   1 |  360.0 |
       Dungeon |    360 |    128 |    232 |      0 |      0 |   1 |  360.0 |
               +--------+--------+--------+--------+--------+-----+--------+

Top non-repeatable levels by time:
     D:1: 360 daAuts
